 Dungeon Crawl Stone Soup version 0.28-a0-401-ge240ad9e29 (webtiles) character file.

Game seed: 13889064691779514696

454 avis the Skirmisher (level 7, 0/50 HPs)
             Began as an Octopode Transmuter on Sept 4, 2021.
             Slain by a gnoll sergeant (14 damage)
             ... on level 3 of the Dungeon.
             The game lasted 00:21:06 (5519 turns).

avis the Skirmisher (Octopode Transmuter)           Turns: 5519, Time: 00:21:07

Health: 0/50       AC:  2    Str: 11    XL:     7   Next: 5%
Magic:  8/10       EV: 19    Int: 16    God:
Gold:   143        SH:  0    Dex: 17    Spells: 2/10 levels left

rFire   . . .      SeeInvis .     - Unarmed
rCold   . . .      Faith    .   (shield currently unavailable)
rNeg    . . .      Spirit   .   (helmet currently unavailable)
rPois   x          Reflect  .   (no amulet)
rElec   .          Harm     .   (no ring)
rCorr   .          Rampage  .   (no ring)
Will    .....                   (no ring)
Stlth   ++........              (no ring)
HPRegen 0.16/turn               (no ring)
MPRegen 0.12/turn               (no ring)
                                (no ring)
                                (no ring)

@: lethally poisoned (0 -> -3), spider-form (expiring)
A: venomous fangs, almost no armour, (amphibious), 8 rings, tiny, (camouflage
1), (gelatinous body 1), (nimble swimmer 1), (tentacles)
a: End Transformation


You were on level 3 of the Dungeon.
You were a venomous arachnid creature.
You visited 1 branch of the dungeon, and saw 4 of its levels.

You collected 143 gold pieces.

Inventory:

Hand Weapons
 b - a +0 whip of holy wrath
 q - a +2 flail of pain
 w - a +1 short sword of venom (melded)
 A - a +0 dagger of freezing
 B - a +0 whip of venom
 D - a +2 mace of protection
Missiles
 g - 4 stones
 k - 34 arrows
 o - 8 atropa-tipped darts
 p - 17 poisoned darts (quivered)
 t - 2 boomerangs
Armour
 C - a +0 buckler
Magical Staves
 F - a staff of earth
Jewellery
 x - a ring of ice
Wands
 E - a wand of polymorph (9)
Scrolls
 c - a scroll of identify {unknown}
 d - a scroll of silence {unknown}
 e - a scroll of brand weapon {unknown}
 i - a scroll of acquirement {unknown}
 j - 2 scrolls of magic mapping {unknown}
 l - a scroll of teleportation {unknown}
 n - a scroll of vulnerability {unknown}
 u - a scroll of holy word {unknown}
 v - a scroll of enchant armour {unknown}
 y - a scroll of torment {unknown}
 G - a scroll of immolation {unknown}
Potions
 a - a potion of curing {unknown}
 f - a potion of brilliance {unknown}
 h - a potion of flight {unknown}
 m - a potion of lignification {unknown}
 r - a potion of degeneration {unknown}
 s - a potion of haste {unknown}
 z - a potion of mutation {unknown}


   Skills:
 - Level 5.0 Fighting
 - Level 2.0 Dodging
 - Level 1.0 Stealth
 * Level 4.9 Unarmed Combat
 - Level 2.0 Spellcasting
 - Level 3.0 Transmutations
 - Level 2.0 Poison Magic


You had 2 spell levels left.
You knew the following spells:

 Your Spells              Type           Power      Damage    Failure   Level
a - Beastly Appendage     Tmut           22%        N/A       17%         1
p - Spider Form           Tmut/Pois      4%         N/A       43%         3
q - Ice Form              Ice/Tmut       6%         N/A       88%         4

Your spell library contained the following spells:

 Spells                   Type           Power      Damage    Failure   Level
 Wereblood                Tmut           11%        N/A       22%         2
 Slow                     Hex            1%         N/A       52%         2
 Confusing Touch          Hex            1%         N/A       73%         3
 Vampiric Draining        Necr           0%         2d6       73%         3


Dungeon Overview and Level Annotations

Branches:
Dungeon (4/15)
 Temple: D:4-7

Altars:

Annotations:
D:4 Menkaure


Innate Abilities, Weirdness & Mutations

You are a venomous arachnid creature.
You have poisonous fangs.
You are tiny and dextrous.
Your spellcasting is less reliable in this form.
Your armour is entirely melded.
You are incapable of wielding weapons or throwing items.
You cannot wear most types of armour.
((You are amphibious.))
You can wear up to eight rings at the same time.
((Your skin changes colour to match your surroundings (Stealth+).))
((Your rubbery body absorbs attacks. (AC +1, EV +1)))
((You are camouflaged near water. (Stealth+)))
((You have tentacles for arms and can constrict up to eight enemies at once.))


Message History

You start resting.
Magic restored.
Casting: Spider Form (dangerous; 22% risk of failure)
Confirm with . or Enter, or press ? or * to list all spells.
You turn into a venomous arachnid creature.
Your +1 short sword of venom melds into your body.
Your +1 short sword of venom stops dripping with poison.
You climb downwards.
The gnoll misses you.
There is a stone staircase leading up here.
The gnoll sergeant hits you from afar with a +1 spear of venom!
You are poisoned.
You hit the gnoll.
The gnoll is lightly wounded.
You feel very sick. The gnoll sergeant misses you.
The gnoll closely misses you.
The gnoll shouts!
You hit the gnoll.
The gnoll is moderately wounded.
You feel very sick.
You hear a shout!
The gnoll sergeant misses you. The gnoll misses you.
You feel very sick. The gnoll completely misses you.
There is a stone staircase leading up here.
Menkaure, Prince of Dust comes into view.
You feel very sick.
Menkaure shouts!
An iguana comes into view.
You feel very sick.
The gnoll shouts!
The gnoll sergeant closely misses you. The gnoll misses you.
There is a stone staircase leading up here.
Your transformation is almost over.
You feel sick. The gnoll sergeant closely misses you.
You climb upwards.
You feel sick.
There is a stone staircase leading down here.
You feel sick. The gnoll misses you. The gnoll sergeant barely misses you.
You feel sick.
The gnoll sergeant hits you from afar with a +1 spear of venom!
You die...

###.#.#.#.#.#.#.#.#.#.#.#.
#....#)#.#.#.#.#.#.#.#.#.#
#.###.#[#.#.#.#.#.#.#.#.#.
#.##.#.#.#.#.#.#)#.#.#.#.#
#...#.#.#.#^#.#.#.#.#.#.#.
####.#g#)#.#.#.#.#.#.#.#.#
##.#g#.#.#.#.#.#.#.#.#.
#.#)#.#.#.#.#.#.#.#.#.#
##.#.#s#.#.#.#.#.#.#.#.
#.#.#.#.#.#.#.#.#.#.#.#
##.#.#.#.#.#.#.#.#.#.#.
#.#.#.#.#.#.#.#.#.#.#.#
##.#.#.#.#.#.#.#.#.#.#.
#.#.#.#.#.#.#.#.#.#.#.#
##.#.#.#.#.#.#.#.#.#.#.
#.#.#.#.#.#†#.#.#.#.#.#
##.#.#.#.#.#.#.#.#.#.#'


You could see a gnoll sergeant and a gnoll.

Vanquished Creatures
  A gnoll sergeant (D:3)
  3 orc priests (D:3)
  A hound (D:4)
  Natasha (twice) (D:2)
  An orc wizard (D:2)
  7 gnolls
  3 adders
  A worm (D:3)
  A dart slug (D:3)
  12 orcs
  9 ball pythons
  7 endoplasms
  5 giant cockroaches
  4 goblins
  9 hobgoblins
  8 jackals
  5 kobolds
  2 quokkas
  3 bats
  4 rats
88 creatures vanquished.

Vanquished Creatures (others)
  2 plants (D:4)
2 creatures vanquished.

Grand Total: 90 creatures vanquished

Notes
Turn   | Place    | Note
-------+----------+-------------------------------------------
     0 | D:1      | avis the Octopode Transmuter began the quest for the Orb.
     0 | D:1      | Reached XP level 1. HP: 13/13 MP: 3/3
   206 | D:1      | Reached skill level 2 in Fighting
   206 | D:1      | Reached XP level 2. HP: 13/19 MP: 1/5
   382 | D:1      | Reached skill level 1 in Stealth
  1402 | D:2      | Reached XP level 3. HP: 25/25 MP: 4/6
  1562 | D:2      | Learned a level 3 spell: Spider Form
  1730 | D:2      | Reached skill level 3 in Fighting
  1775 | D:2      | Found a faded altar of an unknown god.
  2054 | D:2      | Reached skill level 1 in Poison Magic
  2352 | D:3      | Noticed Natasha
  2360 | D:2      | Reached XP level 4. HP: 30/31 MP: 4/7
  2523 | D:2      | Killed Natasha
  2537 | D:2      | Noticed Natasha
  2554 | D:2      | Killed Natasha
  2555 | D:2      | Reached XP level 5. HP: 10/36 MP: 5/8
  2818 | D:3      | Reached skill level 4 in Fighting
  3454 | D:3      | Reached XP level 6. HP: 17/43 MP: 5/9
  4073 | D:2      | Reached skill level 5 in Fighting
  4248 | D:2      | Learned a level 4 spell: Ice Form
  5484 | D:3      | Reached XP level 7. HP: 46/50 MP: 7/10
  5514 | D:4      | Noticed Menkaure
  5519 | D:3      | Slain by a gnoll sergeant

Illustrated notes

Levels and vault maps discovered:
D:1:      lemuel_arrival_rhombus, layout_basic
D:2:      layout_basic, chequers_ecumenical_altar_simple, minmay_cupped
D:3:      layout_basic, uniq_natasha
D:4:      layout_layer_cave, guppyfry_early_lair_pool, uniq_menkaure,
          uniq_pikel, uniq_edmund

Skill      XL: |  1  2  3  4  5  6 |
---------------+-------------------+-----
Fighting       | 2 3 4 5 |  5.0
Stealth        | 1 |  1.0
Poison Magic   | 2 |  2.0
Transmutations | 3 |  3.0
Unarmed Combat | 4 |  4.9
Dodging        | |  2.0
Spellcasting   | |  2.0

Action                   |  1- 3 |  4- 6 |  7- 9 || total
-------------------------+-------+-------+-------++-------
Melee: Unarmed           |    51 |   104 |     2 ||   157
       Kick              |    15 |     9 |       ||    24
       Constrict         |    14 |     6 |       ||    20
       Tentacles         |    11 |     3 |       ||    14
       Short sword       |    18 |    17 |       ||    35
       Dagger            |     9 |     5 |       ||    14
 Cast: Beastly Appendage |    20 |     6 |       ||    26
       Spider Form       |     3 |    27 |     1 ||    31
 Stab: Sleeping          |     7 |     3 |       ||    10
Armor: Skin              |       |     4 |       ||     4
Dodge: Dodged            |    41 |    88 |    11 ||   140

Table legend: (Time is in decaauts)
 A = Elapsed time spent in this place.
 B = Non-inter-level travel time spent in this place.
 C = Inter-level travel time spent in this place.
 D = Time resting spent in this place.
 E = Time spent auto-exploring this place.
 F = Levels seen in this place.
 G = Mean time per level.
                   A        B        C        D        E       F      G
               +--------+--------+--------+--------+--------+-----+--------+
         Total |   5539 |   4936 |    603 |   2577 |   1373 |   4 | 1384.8 |
       Dungeon |   5539 |   4936 |    603 |   2577 |   1373 |   4 | 1384.8 |
               +--------+--------+--------+--------+--------+-----+--------+

Top non-repeatable levels by time:
     D:2: 2730 daAuts
     D:1: 1479 daAuts
     D:3: 1242 daAuts
     D:4: 86 daAuts
